 Dungeon Sprint DCSS version 0.21.1-1-g345015fe64 (webtiles) character file.

305 Groucho the Insei (level 6, 0/46 HPs)
             Began as an Octopode Transmuter on Apr 15, 2018.
             Was a Follower of Wu Jian.
             Slain by an unseen horror (4 damage)
             ... in the Dungeon (Sprint IX: "|||||||||||||||||||||||||||||").
             The game lasted 00:02:28 (451 turns).

Groucho the Insei (Octopode Transmuter)              Turns: 451, Time: 00:02:28

Health: 0/46       AC:  1    Str: 11    XL:     6   Next: 39%
Magic:  12/14      EV: 18    Int: 15    God:    Wu Jian [*.....]
Gold:   0          SH:  0    Dex: 13    Spells: 12/16 levels left

rFire    . . .     SeeInvis .     - Unarmed
rCold    . . .     Gourm    .   (no shield)
rNeg     . . .     Faith    .   (helmet restricted)
rPois    .         Spirit   .   (no amulet)
rElec    .         Reflect  .   m - +2 ring of evasion
rCorr    .         Harm     .   (no ring)
MR       .....     NoTele   +   (no ring)
Stlth    ++........             (no ring)
HPRegen  0.15/turn              (no ring)
MPRegen  0.14/turn              (no ring)
                                (no ring)
                                (no ring)

@: no status effects
A: almost no armour, stealthy swim, amphibious, 8 rings, constrict 8, camouflage
1, gelatinous body 1
a: Renounce Religion


You were in the Dungeon.
You worshipped Wu Jian.
Wu Jian was aware of your devotion.
You were not hungry.

You visited 1 branch

Inventory:

Missiles
 a - 12 arrows
Jewellery
 m - a +2 ring of evasion (left tentacle)
 n - a +3 ring of intelligence
Wands
 l - a wand of iceblast (10)
Scrolls
 i - 2 scrolls of blinking
 j - 3 scrolls of remove curse
 k - 2 scrolls of amnesia
Potions
 d - 4 potions of curing
 e - a potion of invisibility
 f - a potion of haste
 g - 4 potions of magic
Books
 b - a book of Changes

   Spells                             Type                      Level
   a - Beastly Appendage              Transmutation                1
   b - Sticks to Snakes               Transmutation                2
   c - Spider Form                    Transmutation/Poison         3
   d - Ice Form                       Ice/Transmutation            4
   e - Blade Hands                    Transmutation                5
Comestibles
 c - a ration


   Skills:
 + Level 5.8 Fighting
 + Level 6.1 Dodging
 + Level 6.5 Unarmed Combat
 + Level 5.6 Spellcasting
 + Level 6.1 Transmutations


You had 12 spell levels left.
You knew the following spells:

 Your Spells              Type           Power        Failure   Level  Hunger
a - Beastly Appendage     Tmut           ###...       1%          1    None
b - Spider Form           Tmut/Pois      ##........   13%         3    ###....


Dungeon Overview and Level Annotations

Branches:
Dungeon (1/1)

Altars:
Cheibriados
Dithmenos
Elyvilon
Fedhas
Gozag
Hepliaklqana
Kikubaaqudgha
Makhleb
Nemelex Xobeh
Okawaru
Qazlal
Ru
Sif Muna
Trog
Uskayaw
Vehumet
Wu Jian
Xom
Yredelemnul
Zin
The Shining One
Beogh
Jiyva
Lugonu


Innate Abilities, Weirdness & Mutations

You cannot wear most types of armour.
You are very stealthy in the water. (Stealth+)
You are amphibious.
You can wear up to eight rings at the same time.
You can use your tentacles to constrict eight enemies at once.
Your skin changes colour to match your surroundings (Stealth+).
Your rubbery body absorbs attacks. (AC +1, EV +1)


Message History

Something hits you!
* * * LOW HITPOINT WARNING * * *
Deactivating autopickup; reactivate with Ctrl-A.
You feel better. Something barely misses you. Something closely misses you.
Something misses you.
You bludgeon something! Something hits you. Something closely misses you.
You miss something. Something hits you!
* * * LOW HITPOINT WARNING * * *
Something hits you.
* * * LOW HITPOINT WARNING * * *
You feel much better. Something hits you! Something hits you.
You tentacle-slap something. You squeeze something. Something hits you!
* * * LOW HITPOINT WARNING * * *
Something hits you.
* * * LOW HITPOINT WARNING * * *
You feel much better. Something hits you.
You closely miss something. Something hits you! x2
* * * LOW HITPOINT WARNING * * *
You bludgeon something! Something hits you.
You die...

▓+▓
▓.▓
▓.▓
▓.▓
▓.▓
▓l▓
▓)▓
▓@▓
▓.▓
▓.▓
▓[▓
▓[▓
▓[▓
▓)▓
▓|▓
▓.▓


You could see a leopard gecko.

Vanquished Creatures
  A centaur (D)
  An ogre (D)
  A crimson imp (D)
  A quasit (D)
  A hound (D)
  An orc priest (D)
  An adder (D)
  A leopard gecko (D)
  An orc (D)
  A hobgoblin (D)
  3 goblins (D)
  A kobold (D)
14 creatures vanquished.

Vanquished Creatures (others)
  2 spatial maelstroms (D)
2 creatures vanquished.

Grand Total: 16 creatures vanquished

Notes
Turn   | Place    | Note
-------+----------+-------------------------------------------
     0 | D        | Groucho the Octopode Transmuter began the quest for the Orb.
     0 | D        | Reached XP level 1. HP: 13/13 MP: 3/3
     1 | D        | Banished a spatial maelstrom
    25 | D        | Banished a spatial maelstrom
    28 | D        | Noticed a crimson imp
    28 | D        | Noticed a quasit
    28 | D        | Noticed an ogre
    33 | D        | Killed an ogre
    33 | D        | Reached XP level 2. HP: 22/22 MP: 2/6
    33 | D        | Reached XP level 3. HP: 27/27 MP: 2/8
    33 | D        | Reached XP level 4. HP: 33/33 MP: 2/9
    36 | D        | Reached skill level 5 in Unarmed Combat
    36 | D        | Reached XP level 5. HP: 37/37 MP: 2/11
    40 | D        | Reached skill level 5 in Dodging
    40 | D        | Reached skill level 5 in Transmutations
   371 | D        | Found a roughly hewn altar of Beogh.
   371 | D        | Found a snail-covered altar of Cheibriados.
   371 | D        | Found a shadowy altar of Dithmenos.
   371 | D        | Found a white marble altar of Elyvilon.
   371 | D        | Found a blossoming altar of Fedhas.
   371 | D        | Found an opulent altar of Gozag.
   372 | D        | Found a hazy altar of Hepliaklqana.
   373 | D        | Found a viscous altar of Jiyva.
   374 | D        | Found an ancient bone altar of Kikubaaqudgha.
   375 | D        | Found a corrupted altar of Lugonu.
   376 | D        | Found a burning altar of Makhleb.
   377 | D        | Found a sparkling altar of Nemelex Xobeh.
   378 | D        | Found an iron altar of Okawaru.
   379 | D        | Found a stormy altar of Qazlal.
   380 | D        | Found a sacrificial altar of Ru.
   381 | D        | Found a deep blue altar of Sif Muna.
   382 | D        | Found a bloodstained altar of Trog.
   383 | D        | Found a hide-covered altar of Uskayaw.
   384 | D        | Found a radiant altar of Vehumet.
   385 | D        | Found an ornate altar of the Wu Jian Council.
   386 | D        | Found a shimmering altar of Xom.
   387 | D        | Found a basalt altar of Yredelemnul.
   388 | D        | Found a glowing silver altar of Zin.
   389 | D        | Found a glowing golden altar of the Shining One.
   395 | D        | Became a worshipper of the Wu Jian Council
   421 | D        | Learned a level 3 spell: Spider Form
   422 | D        | Noticed a centaur
   430 | D        | Killed a centaur
   430 | D        | Reached skill level 5 in Fighting
   430 | D        | Reached skill level 5 in Spellcasting
   430 | D        | Reached XP level 6. HP: 25/45 MP: 10/13
   440 | D        | Reached * piety under Wu Jian
   446 | D        | HP: 2/46 [something (4)]
   451 | D        | Slain by an unseen horror

Skill      XL: |  1  2  3  4  5  6 |
---------------+-------------------+-----
Fighting       | 3 4 5 |  5.8
Dodging        | 4 5 6 |  6.1
Unarmed Combat | 4 5 6 |  6.5
Spellcasting   | 3 4 5 |  5.6
Transmutations | 4 5 6 |  6.1

Action                   |  1- 3 |  4- 6 || total
-------------------------+-------+-------++-------
Melee: Unarmed           |    11 |    30 ||    41
       Tentacles         |     5 |     3 ||     8
       Constrict         |     3 |     2 ||     5
       Kick              |     1 |     2 ||     3
       Punch             |     1 |     1 ||     2
 Cast: Beastly Appendage |     1 |       ||     1
       Spider Form       |       |     1 ||     1
Invok: Lunge             |       |     1 ||     1
  Use: Potion            |     2 |     3 ||     5
Armor: Skin              |     2 |     1 ||     3
Dodge: Dodged            |     5 |    25 ||    30
